AoeStats
← BARAKA wins!

African Clearing

510805651Analyzed
4v4 RM · 16h ago on Oct 2, 2026· 75m 20s· 8 players
Game mode
Random Map
Map size
Large (8 player)
Population
200
Speed
Normal
Resources
Standard
Victory
Conquest
Starting age
Dark Age
Ending age
Imperial Age
RankedLock teamsTeams togetherTeam positionsShared explorationLock speedFull tech treeHidden civsTurbo modeCheats
Victory
Defeat
🇧🇷 Romans · Brazil
1287
+17
🇧🇷 Khitans · Brazil
1287
+17
🇹🇼 Varangians · Taiwan
1284
+17
🇺🇸 Mongols · United States
1250
+18
🇵🇱 Malians · Poland
1337
-19
🇹🇷 Mongols · Türkiye
1327
-18
🇵🇹 Khmer · Portugal
1295
-17
🇮🇱 Magyars · Israel
1239
-15
GoodFunHaveLuck
13:47 Feudal Age
18:00 Castle Age
17:55 Loom
40:49 Imperial Age
40:04 Double-Bit Axe
63:15 Light Cavalry
64:06 Bloodlines
63:56 Husbandry
66:13 Forging
66:47 Scale Barding Armor
67:56 Iron Casting
68:09 Chain Barding Armor
70:29 Plate Barding Armor
71:15 Chemistry
Mike
4:15 Loom
14:07 Feudal Age
18:16 Double-Bit Axe
18:12 Horse Collar
24:56 Fletching
33:29 Castle Age
37:17 Wheelbarrow
39:55 Hand Cart
46:09 Bow Saw
47:15 Heavy Plow
52:53 Imperial Age
52:04 Thumb Ring
51:56 Bodkin Arrow
52:01 Padded Archer Armor
53:22 Heavy Cavalry Archer
54:28 Parthian Tactics
54:05 Bracer
56:28 Parthian Tactics
57:48 Ballistics
58:32 Chemistry
59:09 Gold Mining
59:09 Stone Mining
61:08 Bracer
61:25 Leather Archer Armor
66:32 Husbandry
66:48 Bloodlines
67:09 Ring Archer Armor
66:16 Light Cavalry
67:04 Scale Barding Armor
67:59 Coinage
Exellence
13:58 Feudal Age
14:50 Double-Bit Axe
15:49 Bloodlines
18:57 Castle Age
21:30 Loom
25:47 Wheelbarrow
25:00 Town Watch
26:19 Horse Collar
27:39 Bow Saw
28:09 Heavy Plow
28:12 Gold Mining
33:15 Imperial Age
30:54 Stone Mining
30:57 Gold Mining
32:22 Fletching
32:33 Padded Archer Armor
33:29 Hand Cart
33:38 Bodkin Arrow
33:51 Husbandry
34:43 Leather Archer Armor
35:04 Bracer
36:15 Conscription
37:21 Ballistics
39:01 Chemistry
39:07 Drill
39:18 Parthian Tactics
39:00 Thumb Ring
39:07 Capped Ram
40:09 Siege Ram
42:46 Heavy Scorpion
44:04 Gold Shaft Mining
43:38 Siege Engineers
46:56 Light Cavalry
47:55 Scale Barding Armor
48:01 Forging
47:47 Hussar
50:30 Chain Barding Armor
53:28 Hoardings
53:46 Iron Casting
BARAKA wins!
7:08 Loom
11:55 Feudal Age
16:46 Castle Age
19:31 Bloodlines
25:17 Double-Bit Axe
31:48 Stone Mining
31:51 Gold Mining
33:46 Horse Collar
34:40 Heavy Plow
34:51 Bow Saw
35:45 Scale Barding Armor
36:32 Gold Shaft Mining
38:01 Wheelbarrow
41:34 Imperial Age
40:02 Fletching
40:33 Chain Barding Armor
40:19 Light Cavalry
41:00 Husbandry
41:42 Devotion
42:46 Forging
45:34 Hand Cart
46:22 Conscription
47:25 Crop Rotation
46:47 Elite Ballista Elephant
47:56 Hussar
49:32 Plate Barding Armor
50:39 Ballistics
52:09 Chemistry
51:07 Capped Ram
52:21 Double Crossbow
55:46 Iron Casting
56:09 Bodkin Arrow
58:09 Siege Engineers
58:15 Masonry
57:52 Siege Ram
58:58 Bracer
63:07 Heavy Scorpion
69:37 Blast Furnace
The Great Khan
10:50 Loom
12:36 Feudal Age
11:05 Loom
16:16 Forging
16:49 Scale Barding Armor
16:59 Bloodlines
22:06 Fletching
39:20 Castle Age
37:32 Double-Bit Axe
37:46 Horse Collar
40:17 Bodkin Arrow
42:32 Ballistics
43:13 Husbandry
49:48 Imperial Age
47:50 Thumb Ring
51:55 Wheelbarrow
51:55 Bracer
55:03 Chemistry
55:29 Elite Mangudai
56:42 Heavy Plow
57:31 Conscription
57:36 Padded Archer Armor
58:33 Parthian Tactics
59:41 Town Watch
60:27 Bow Saw
61:54 Chain Barding Armor
62:10 Iron Casting
63:10 Light Cavalry
64:19 Leather Archer Armor
67:43 Hussar
68:58 Onager
70:50 Drill
71:11 Siege Onager
72:53 Capped Ram
74:25 Siege Ram
Tesla_G
4:11 Loom
14:37 Feudal Age
15:27 Double-Bit Axe
18:24 Castle Age
19:44 Bow Saw
19:54 Horse Collar
21:47 Wheelbarrow
23:19 Gold Mining
25:02 Heavy Plow
24:38 Man-at-Arms
25:55 Squires
27:44 Long Swordsman
29:45 Ballistas
35:08 Imperial Age
35:28 Forging
35:18 Scale Mail Armor
35:39 Fletching
35:19 Pikeman
37:07 Conscription
37:35 Heavy Scorpion
39:59 Ballistics
41:36 Hand Cart
42:54 Gold Shaft Mining
42:09 Stone Mining
42:30 Legionary
43:12 Scale Mail Armor
51:12 Chemistry
50:24 Siege Engineers
51:00 Chain Mail Armor
51:21 Iron Casting
52:53 Masonry
55:55 Comitatenses
56:36 Blast Furnace
57:06 Pikeman
57:47 Halberdier
58:21 Capped Ram
67:53 Siege Ram
TIRA-ONDA
5:41 Loom
13:31 Feudal Age
17:11 Castle Age
15:33 Double-Bit Axe
17:35 Forging
17:58 Light Cavalry
22:06 Iron Casting
25:53 Scale Barding Armor
27:08 Husbandry
29:48 Domestication
30:22 Bow Saw
32:22 Chain Barding Armor
33:34 Wheelbarrow
38:55 Imperial Age
36:37 Fletching
37:50 Hand Cart
38:52 Elite Skirmisher
39:29 Bodkin Arrow
39:34 Padded Archer Armor
40:05 Thumb Ring
39:29 Hussar
41:38 Plate Barding Armor
41:05 Bracer
42:17 Ballistics
43:04 Chemistry
42:35 Treadmill Crane
46:57 Scale Mail Armor
49:17 Leather Archer Armor
49:54 Squires
49:39 Arson
49:53 Town Watch
50:18 Pastoralism
50:17 Gold Mining
50:17 Stone Mining
53:19 Transhumance
53:53 Two-Man Saw
53:54 Ring Archer Armor
54:40 Siege Engineers
56:49 Guilds
56:39 Caravan
60:05 Heavy Rocket Cart
60:57 Masonry
61:10 Conscription
63:11 Caravan
63:59 Pikeman
DeeperDeeper
6:14 Loom
10:13 Loom
10:19 Loom
11:25 Loom
13:18 Feudal Age
14:55 Double-Bit Axe
15:16 Town Watch
17:33 Castle Age
21:15 Fletching
34:44 Bow Saw
34:16 Horse Collar
38:34 Wheelbarrow
43:00 Imperial Age
41:56 Bodkin Arrow
46:31 Heavy Plow
50:16 Hand Cart
50:01 Town Patrol
50:21 Hand Cart
50:06 Town Patrol
52:52 Elite Varangian Guard
56:00 Two-Man Saw
58:22 Arson
59:41 Forging
59:31 Scale Mail Armor
59:46 Squires
59:31 Gambesons
66:27 Pikeman
Connection lost

Rejoining the realm…

Still unreachable

The connection could not be restored.

Session expired

The server has moved on; the page needs a fresh start.